 Dungeon Crawl Stone Soup version 0.28-a0-479-g5baa6b73be (webtiles) character file.

Game seed: 3695791377668795510

119 freelancePsychic the Conjurer (level 5, -4/33 (37) HPs)
             Began as a Gnoll Conjurer on Sept 18, 2021.
             Slain by Edmund (9 damage)
             ... on level 4 of the Dungeon.
             The game lasted 00:04:49 (2405 turns).

freelancePsychic the Conjurer (Gnoll Conjurer)      Turns: 2405, Time: 00:04:50

HP:   -4/33 (37)    AC:  4    Str:  6    XL:     5   Next: 3%
MP:   1/12          EV: 13    Int: 19    God:
Gold: 149           SH:  0    Dex: 10    Spells: 12/14 levels left

rFire   . . .      SeeInvis .   c - staff of conjuration
rCold   . . .      Faith    .   (no shield)
rNeg    . . .      Spirit   .   a - +1 robe
rPois   .          Reflect  .   (no helmet)
rElec   .          Harm     .   (no cloak)
rCorr   .          Rampage  .   i - +0 pair of gloves
Will    .....                   (no boots)
Stlth   ++........              (no amulet)
HPRegen 0.11/turn               (no ring)
MPRegen 0.13/turn               (no ring)

@: heavily drained
A: fangs 1, strong nose, distributed training
a: no special abilities


You were on level 4 of the Dungeon.
You visited 1 branch of the dungeon, and saw 4 of its levels.

You collected 149 gold pieces.

Inventory:

Armour
 a - a +1 robe (worn)
 i - a +0 pair of gloves (worn)
Magical Staves
 c - a staff of conjuration (weapon)
Jewellery
 k - a +6 ring of dexterity
Scrolls
 b - 2 scrolls of magic mapping {unknown}
 d - a scroll of enchant armour
 e - a scroll of silence {unknown}
 g - a scroll of blinking
 h - a scroll of holy word {unknown}
 l - a scroll of teleportation {unknown}
Potions
 f - a potion of attraction {unknown}
 j - a potion of heal wounds {unknown}


   Skills:
 + Level 1.3 Fighting
 + Level 1.3 Short Blades
 + Level 1.3 Long Blades
 + Level 1.3 Axes
 + Level 1.3 Maces & Flails
 + Level 1.3 Polearms
 + Level 1.3 Staves
 + Level 1.3 Slings
 + Level 1.3 Bows
 + Level 1.3 Crossbows
 + Level 1.3 Throwing
 + Level 1.3 Armour
 + Level 4.7 Dodging
 + Level 4.3 Stealth
 + Level 1.3 Shields
 + Level 1.3 Unarmed Combat
 + Level 5.1 Spellcasting
 + Level 7.1 Conjurations
 + Level 1.0 Hexes
 + Level 1.0 Summonings
 + Level 1.0 Necromancy
 + Level 1.0 Translocations
 + Level 1.0 Transmutations
 + Level 1.0 Fire Magic
 + Level 1.0 Ice Magic
 + Level 1.0 Air Magic
 + Level 1.0 Earth Magic
 + Level 1.0 Poison Magic
 + Level 1.4 Invocations
 + Level 1.3 Evocations


You had 12 spell levels left.
You knew the following spells:

 Your Spells              Type           Power      Damage    Failure   Level
b - Searing Ray           Conj           96%        2d7       1%          2

Your spell library contained the following spells:

 Spells                   Type           Power      Damage    Failure   Level
 Magic Dart               Conj           100%       1d8       1%          1
 Shock                    Conj/Air       100%       1d9       2%          1
 Dazzling Flash           Conj/Hex       60%        N/A       7%          3
 Sublimation of Blood     Necr           4%         N/A       12%         2
 Fulminant Prism          Conj/Hex       15%        3d11      22%         4
 Iskenderun's Mystic Bla  Conj/Tloc      30%        2d8       22%         4
 Swiftness                Air            9%         N/A       24%         3
 Irradiate                Conj/Tmut      15%        3d18      52%         5
 Airstrike                Air            4%         N/A       61%         4
 Petrify                  Tmut/Erth      9%         N/A       61%         4


Dungeon Overview and Level Annotations

Branches:
Dungeon (4/15)
 Temple: D:4-7

Altars:

Annotations:
D:4 Edmund


Innate Abilities, Weirdness & Mutations

You have very sharp teeth.
Your uncanny sense of smell can sniff out nearby items.
Your experience applies equally to all skills.


Message History

The searing ray hits Edmund.
Edmund is moderately wounded.
The searing ray hits Edmund.
Edmund is moderately wounded.
You finish channelling your searing ray.
Edmund closely misses you.
You feel a surge of power!
The searing ray hits Edmund.
Edmund is heavily wounded. (Press . to maintain the ray.) Edmund hits you with a +4 flail of draining!
You feel drained.
Casting: Searing Ray (safe; 1% risk of failure)
Confirm with . or Enter, or press ? or * to list all spells.
Restarting spell: Searing Ray (safe; 1% risk of failure)
Press: ? - help, Shift-Dir - straight line, f/p - Edmund
Aim: Edmund, wielding a +4 flail of draining and wearing a +0 scale mail (heavily wounded, 85% to hit)
You feel a surge of power!
The searing ray hits Edmund.
Edmund is heavily wounded. (Press . to maintain the ray.) Edmund hits you with a +4 flail of draining.
You feel drained.
The searing ray hits Edmund!
Edmund is almost dead.
Edmund hits you with a +4 flail of draining!
* * * LOW HITPOINT WARNING * * *
You feel drained.
* * * LOW HITPOINT WARNING * * *
Press: ? - help, v - describe, . - travel
Here: Edmund, wielding a +4 flail of draining and wearing a +0 scale mail (almost dead)
The floor.
Casting: Searing Ray (safe; 1% risk of failure)
Confirm with . or Enter, or press ? or * to list all spells.
Aiming: Searing Ray (safe; 1% risk of failure)
Press: ? - help, Shift-Dir - straight line, f/p - Edmund
Aim: Edmund, wielding a +4 flail of draining and wearing a +0 scale mail (almost dead, 85% to hit)
You feel a surge of power!
The searing ray hits Edmund.
Edmund is almost dead. (Press . to maintain the ray.) Edmund hits you with a +4 flail of draining!
You die...

## .. ∆ .# #.# .#
#.# .# ∆ ..#
######.## #.#
#.......# #.#
#@####..# #.#
#@........#
#.####..##.###..#
###.........# ..#
#....###....# ..
#.##.# #.##.# #
#.##.# #.# ..#
#>##.###.##.#..
#........... #.#
#..#.###.... .#


You could see Edmund.

Vanquished Creatures
  4 gnolls (D:2)
  3 adders (D:2)
  2 worms
  2 dart slugs (D:1)
  8 endoplasms
  A goblin (D:2)
  5 hobgoblins
  A quokka (D:2)
  4 ball pythons
  5 bats
  A frilled lizard (D:1)
  2 kobolds (D:1)
  8 rats
46 creatures vanquished.

Vanquished Creatures (others)
  A scorpion (D:4)
  A ball python (D:4)
2 creatures vanquished.

Grand Total: 48 creatures vanquished

Notes
Turn   | Place    | Note
-------+----------+-------------------------------------------
     0 | D:1      | freelancePsychic the Gnoll Conjurer began the quest for the
                  | Orb.
     0 | D:1      | Reached XP level 1. HP: 13/13 MP: 6/6
   138 | D:1      | Reached XP level 2. HP: 19/19 MP: 5/7
   141 | D:1      | Learned a level 2 spell: Searing Ray
   742 | D:1      | Found a faded altar of an unknown god.
   742 | D:1      | Noticed a Brimstone Fiend
   927 | D:2      | Reached XP level 3. HP: 25/25 MP: 6/9
   929 | D:2      | Reached skill level 5 in Spellcasting
  1016 | D:2      | Reached skill level 1 in Invocations
  1223 | D:2      | Reached skill level 1 in Fighting
  1223 | D:2      | Reached skill level 1 in Short Blades
  1223 | D:2      | Reached skill level 1 in Long Blades
  1223 | D:2      | Reached skill level 1 in Axes
  1223 | D:2      | Reached skill level 1 in Maces & Flails
  1223 | D:2      | Reached skill level 1 in Polearms
  1223 | D:2      | Reached skill level 1 in Staves
  1223 | D:2      | Reached skill level 1 in Slings
  1223 | D:2      | Reached skill level 1 in Bows
  1223 | D:2      | Reached skill level 1 in Crossbows
  1223 | D:2      | Reached skill level 1 in Throwing
  1223 | D:2      | Reached skill level 1 in Armour
  1223 | D:2      | Reached skill level 1 in Shields
  1223 | D:2      | Reached skill level 1 in Unarmed Combat
  1223 | D:2      | Reached skill level 1 in Evocations
  1224 | D:2      | Reached XP level 4. HP: 32/32 MP: 6/11
  1234 | D:2      | Reached skill level 1 in Hexes
  1234 | D:2      | Reached skill level 1 in Summonings
  1234 | D:2      | Reached skill level 1 in Necromancy
  1234 | D:2      | Reached skill level 1 in Translocations
  1234 | D:2      | Reached skill level 1 in Transmutations
  1234 | D:2      | Reached skill level 1 in Fire Magic
  1234 | D:2      | Reached skill level 1 in Ice Magic
  1234 | D:2      | Reached skill level 1 in Air Magic
  1234 | D:2      | Reached skill level 1 in Earth Magic
  1234 | D:2      | Reached skill level 1 in Poison Magic
  1873 | D:3      | Reached XP level 5. HP: 37/37 MP: 7/12
  2391 | D:4      | Noticed Edmund
  2405 | D:4      | Slain by Edmund

Illustrated notes

Levels and vault maps discovered:
D:1:      saegor_arrival_under_anarchy, layout_basic,
          dreamdust_ecumenical_altar_sealed_demon, bh_walls_and_bars
D:2:      layout_basic
D:3:      layout_loops_cross
D:4:      layout_loops_ring, mainiacjoe_overflow_surrounded_room,
          amcnicky_altar_gilded, lemuel_flame_loot_1, uniq_eustachio,
          uniq_edmund, uniq_robin

Skill      XL: |  1  2  3  4 |
---------------+-------------+-----
Spellcasting   | 5 |  5.1
Invocations    | 1 |  1.4
Fighting       | 1 |  1.3
Short Blades   | 1 |  1.3
Long Blades    | 1 |  1.3
Axes           | 1 |  1.3
Maces & Flails | 1 |  1.3
Polearms       | 1 |  1.3
Staves         | 1 |  1.3
Slings         | 1 |  1.3
Bows           | 1 |  1.3
Crossbows      | 1 |  1.3
Throwing       | 1 |  1.3
Armour         | 1 |  1.3
Shields        | 1 |  1.3
Unarmed Combat | 1 |  1.3
Evocations     | 1 |  1.3
Hexes          | 1 |  1.0
Summonings     | 1 |  1.0
Necromancy     | 1 |  1.0
Translocations | 1 |  1.0
Transmutations | 1 |  1.0
Fire Magic     | 1 |  1.0
Ice Magic      | 1 |  1.0
Air Magic      | 1 |  1.0
Earth Magic    | 1 |  1.0
Poison Magic   | 1 |  1.0
Dodging        | |  4.7
Stealth        | |  4.3
Conjurations   | |  7.1

Action                   |  1- 3 |  4- 6 || total
-------------------------+-------+-------++-------
Melee: Staff             |     2 |     3 ||     5
       Bite              |       |     1 ||     1
 Cast: Magic Dart        |     8 |       ||     8
       Searing Ray       |    18 |    20 ||    38
  Use: Scroll            |     1 |     3 ||     4
Armor: Robe              |     2 |     1 ||     3
Dodge: Dodged            |     3 |     5 ||     8

Table legend: (Time is in decaauts)
 A = Elapsed time spent in this place.
 B = Non-inter-level travel time spent in this place.
 C = Inter-level travel time spent in this place.
 D = Time resting spent in this place.
 E = Time spent auto-exploring this place.
 F = Levels seen in this place.
 G = Mean time per level.
                   A        B        C        D        E       F      G
               +--------+--------+--------+--------+--------+-----+--------+
         Total |   2405 |   2314 |     91 |      6 |   2022 |   4 |  601.2 |
       Dungeon |   2405 |   2314 |     91 |      6 |   2022 |   4 |  601.2 |
               +--------+--------+--------+--------+--------+-----+--------+

Top non-repeatable levels by time:
     D:2: 858 daAuts
     D:1: 821 daAuts
     D:3: 678 daAuts
     D:4: 46 daAuts
